[Event "*** Titled Tuesday Blitz"]
[Site "Chess.com"]
[Date "2020.12.01"]
[Round "4"]
[White "ambaixador"]
[Black "HrvojeZagreb"]
[Result "1-0"]
[WhiteElo "2436"]
[BlackElo "2246"]
[TimeControl "180+1"]
[EndTime "10:40:05 PST"]
[Termination "ambaixador won by checkmate"]

1. d4 e6 2. Nf3 f5 3. c4 Nf6 4.
g3 Be7 5. Bg2 O-O 6. O-O d6 7.
Nc3 Ne4 8. Qc2 Nxc3 9. Qxc3 Bf6 10. Qc2 e5 11. dxe5 dxe5 12. Rd1 Qe8 13. Nd2 Qh5 14. Nf1 Nc6 15. e3 Nb4 16. Qb3 a5 17. Bd2 c5 18.
Bxb4 axb4 19. Rd5 Ra5 20. Rad1 Be6 21. Rd6 Bf7 22. Bxb7 f4 23. a3 bxa3 24. bxa3 Bg5 25. exf4 exf4 26. Bd5 Bxd5 27. R6xd5 Qh6 28. Qd3 f3 29. h4 Bf6 30. Qxf3 Raa8 31. Rd7 Bd4 32. Qd5+ Kh8 33. Rxd4 cxd4 34. Qxd4 Qf6 35. c5 Rxa3 36. Qxf6 gxf6 37. c6 Rc3 38. c7 Kg8 39. Ne3 f5 40. Nd5 Rc5 41. Ne7+ Kh8 42. c8=Q Rcxc8 43. Nxc8 f4 44.
Nd6 fxg3 45. fxg3 Kg8 46. Kg2 Ra8 47. Nf5 Ra6 48. Kh3 Kf8 49. Kg4 h5+ 50. Kxh5 Ra5 51. Kg5 Ke8 52. Rb7 Kf8 53. g4 Rc5 54. h5 Rc8 55. h6 Ra8 56. Kg6 Kg8 57. g5 Kh8 58.
Kh5 Rg8 59. g6 Rc8 60. Kg5 Rd8 61. g7+ Kh7 62. Ne3 Rg8 63. Kf6 Re8 64. Ng4 Re4 65. Kf7 Rf4+ 66. Nf6+ Rxf6+ 67. Kxf6 Kxh6 68. g8=Q Kh5 69. Qg5# 1-0

[Event "*** Titled Tuesday Blitz"]
[Site "Chess.com"]
[Date "2020.12.01"]
[Round "4"]
[White "juancruzarias"]
[Black "A-S-00"]
[Result "0-1"]
[WhiteElo "2506"]
[BlackElo "2324"]
[TimeControl "180+1"]
[EndTime "10:40:07 PST"]
[Termination "A-S-00 won on time"]

1. e4 e6 2. d4 d5 3. Nd2 dxe4 4. Nxe4 Nd7 5. Nf3 Ngf6 6. Bd3 Be7 7. Qe2 O-O 8. Bf4 c5 9. O-O-O Qa5 10. Kb1 Nd5 11. Bd2 Qc7 12. Nfg5 N7f6 13. dxc5 Bxc5 14. Nxf6+ Nxf6 15.
Bc3 Be7 16. Bxf6 Bxf6 17. Nxh7 Qe7 18. Nxf8 Qxf8 19. Qe4 g6 20. Bc4 Qb4 21. c3 Bxc3 22. Rd8+ Kg7 23. Qc2 Bf6 24. Rd3 b5 25. Bb3 Bb7 26.
f3 Rc8 27. Qd2 Qh4 28. Rd7 Bc6 29. Rxa7 Rd8 30. Qc2 Bd5 31. Bxd5 Rxd5 32. Rd1 Rxd1+ 33. Qxd1 Qxh2 34. Rd7 Qe5 35. Rd2 Qf5+ 36. Qc2 Qe5 37. a3 Qe1+ 38. Ka2 Qe5 39. Rd3 b4 40. Rb3 bxa3 41.
Rxa3 Qd5+ 42. Rb3 Qa5+ 43. Ra3 Qd5+ 44. Qb3 Qd2 45. g4 g5 46. Ra4 Be5 47. Re4 Bf6 48. Rc4 Qa5+ 49. Ra4 Qd2 50. Qb4 Qd5+ 51. Qb3 Qd2 52. Ra6 Qe2 53. Ra5 Qd2 54. Rb5 Qd4 55. Kb1 Qg1+ 56. Kc2 Qd4 57. Qd3 Qf2+ 58. Kb3 Qe1 59.
Kc4 Qc1+ 60. Kb4 Qxb2+ 61. Kc5 Qc1+ 62. Kb6 Qg1+ 63. Kc6 Qc1+ 64. Kd7 Qf4 0-1

[Event "*** Titled Tuesday Blitz"]
[Site "Chess.com"]
[Date "2020.12.01"]
[Round "4"]
[White "RobPeresian"]
[Black "Nils_03"]
[Result "1-0"]
[WhiteElo "2439"]
[BlackElo "2264"]
[TimeControl "180+1"]
[EndTime "10:40:08 PST"]
[Termination "RobPeresian won by resignation"]

1. Nf3 d5 2. d4 Nf6 3. c4 e6 4. Nc3 c6 5. Bg5 Be7 6. e3 Qa5 7. Nd2 Nbd7 8. Qc2 h6 9. Bh4 O-O 10. Bd3 dxc4 11. Nxc4 Qh5 12. Bg3 Nd5 13. Be2 Qg6 14.
Qxg6 fxg6 15. O-O N7b6 16. Ne4 Nxc4 17. Bxc4 Bd7 18. a3 g5 19. Rfd1 Rad8 20. Rac1 Bc8 21.
h3 Nf6 22. Bd3 Nxe4 23. Bxe4 Bd6 24. Bxd6 Rxd6 25. b4 Rfd8 26. Rc5 Bd7 27. Rdc1 Be8 28. Kf1 Kf8 29. Ra5 a6 30. Ke2 Ke7 31. a4 Kf6 32.
Re5 Bg6 33. Bxg6 Kxg6 34. b5 axb5 35. axb5 Kf6 36. Rec5 Ra8 37. bxc6 Ra2+ 38. Kf3 Rxc6 39. Rxc6 bxc6 40. Rxc6 Kf7 41. Rb6 Rc2 42. Rb7+ Kf6 43.
Rb5 Ra2 44. g4 Rc2 45. Re5 Ra2 46. Kg3 Rb2 47. f3 Ra2 48. h4 gxh4+ 49. Kxh4 Re2 50.
f4 g5+ 51. Kg3 gxf4+ 52. exf4 Ra2 53. Rh5 Kg6 54. Kf3 Ra1 55. Re5 Rf1+ 56. Kg3 Kf6 57. Rh5 Kg6 58. d5 exd5 59. Rxd5 Ra1 60. Rd6+ Kg7 61.
f5 Rb1 62. Rd7+ Kf6 63. Rh7 Rg1+ 64. Kh3 Kg5 65. Rg7+ Kf4 66. f6 Ke5 67. f7 Rf1 68. Kh4 Ke6 69. Kh5 Rh1+ 70. Kg6 Rf1 71. Kxh6 Rf6+ 72. Rg6 Kxf7 73. Rxf6+ Kxf6 74. g5+ Kf7 75. Kh7 1-0

[Event "*** Titled Tuesday Blitz"]
[Site "Chess.com"]
[Date "2020.12.01"]
[Round "4"]
[White "Kislov_Oleg"]
[Black "Pertinhez76"]
[Result "1-0"]
[WhiteElo "2368"]
[BlackElo "2029"]
[TimeControl "180+1"]
[EndTime "10:40:09 PST"]
[Termination "Kislov_Oleg won by checkmate"]

1. e4 e6 2. d4 d5 3. Nc3 Nf6 4. Bg5 Bb4 5. e5 h6 6. Bd2 Bxc3 7. bxc3 Ne4 8. Qg4 Kf8 9. Bc1 c5 10. Bd3 Qa5 11. Ne2 f5 12. exf6 Nxf6 13. Qg3 Nc6 14.
O-O Ne7 15. dxc5 Bd7 16. Qd6 Kf7 17. Nd4 Rac8 18. Re1 Qxc5 19. Qf4 Qxc3 20. Bd2 Qc7 21. Qf3 Rhe8 22. Bf4 Qc3 23. Be5 Qa5 24. Bxf6 gxf6 25. Qh5+ Kg7 26. Re3 Ng8 27. Qg6+ Kf8 28. Rg3 Ke7 29.
h4 Kd6 30. Re3 e5 31. Nf5+ Bxf5 32. Bxf5 Rc3 33. Qf7 Rxe3 34. Qd7+ Kc5 35. fxe3 Re7 36. Qc8+ Kb6 37. Qxg8 Qc3 38. Rf1 Ka5 39. Qxd5+ b5 40. Qb3 Qxb3 41. axb3 Kb4 42. Bd3 a6 43. e4 Kc3 44.
Rxf6 h5 45. Rxa6 Rf7 46. Rb6 b4 47. Rb5 Re7 48. Rd5 Re8 49. g3 Re7 50. Kg2 Re8 51.
Rd6 Re7 52. Rh6 Rc7 53. Rxh5 Kd4 54. Rf5 Ke3 55. h5 Rh7 56. g4 Rh6 57. Kg3 Rh7 58.
Kh4 Rh8 59. g5 Rg8 60. h6 Ra8 61. h7 Ra1 62. g6 Rh1+ 63. Kg5 Rh2 64. Kf6 Rh4 65.
Kg7 Rh1 66. h8=Q Kd2 67. Qxh1 Kc3 68. Qe1+ Kb2 69. Qd2 Ka2 70. c4+ Ka3 71. Rf2 Kxb3 72.
Qc2+ Ka3 73. Qa2# 1-0

[Event "*** Titled Tuesday Blitz"]
[Site "Chess.com"]
[Date "2020.12.01"]
[Round "4"]
[White "alexsuper1987"]
[Black "amatatanav"]
[Result "1/2-1/2"]
[WhiteElo "2262"]
[BlackElo "2403"]
[TimeControl "180+1"]
[EndTime "10:40:16 PST"]
[Termination "Game drawn - insufficient material"]

1. d4 Nf6 2. Bf4 e6 3. Nf3 b6 4. e3 Bb7 5. Nbd2 Be7 6. Bd3 Nh5 7.
Bg3 O-O 8. Qe2 d6 9. c3 c5 10. e4 cxd4 11. cxd4 a5 12. e5 g6 13. exd6 Bxd6 14. Bxd6 Qxd6 15. Ne4 Qb4+ 16. Qd2 Nf4 17.
O-O-O Rc8+ 18. Kb1 Qxd2 19. Rxd2 Nxd3 20. Nd6 Bxf3 21. Nxc8 Bxg2 22. Rg1 Be4 23. Nd6 f5 24. f3 Nc5+ 25. fxe4 Nxe4 26. Nxe4 fxe4 27. Re1 Nc6 28.
Rxe4 Kf7 29. d5 exd5 30. Rxd5 Rc8 31. a3 Rc7 32. Rb5 Rb7 33. h4 Na7 34. Rf4+ Kg7 35. Rd5 Nc6 36. h5 gxh5 37. Rxh5 h6 38. Rc4 Ne7 39.
Re4 Ng8 40. Re6 Nf6 41. Rb5 h5 42. Rbxb6 Rxb6 43. Rxb6 h4 44. Rb3 Kg6 45. Rf3 Kg5 46. b4 axb4 47. axb4 Ne4 48. Kc2 Kg4 49. Rf8 Nd6 50. Kd3 h3 51. Ke3 Nf5+ 52. Kf2 Nd6 53. Rg8+ Kf4 54. Kg1 Ke4 55. Kh2 Kd4 56. Kxh3 Kc4 57.
Rb8 Nb5 58. Kg3 Kxb4 59. Kf4 Kc4 60. Rc8+ Kd5 61. Rd8+ Nd6 62. Rd7 Kc6 63. Rh7 Kd5 64. Rh5+ Kd4 65. Rh1 Kd5 66. Rd1+ Ke6 67. Ra1 Kd5 68.
Ra5+ Kd4 69. Ra8 Kd5 70. Rd8 Ke6 71. Rh8 Kd5 72. Ke3 Ke5 73. Kd3 Kd5 74. Rh5+ Ke6 75.
Kd4 Nf5+ 76. Ke4 Nd6+ 77. Kf4 Nc4 78. Rh6+ Kd5 79. Rh5+ Kd4 80. Rh8 Kd5 81. Rd8+ Kc5 82. Rc8+ Kd5 83. Rxc4 Kxc4 1/2-1/2

[Event "*** Titled Tuesday Blitz"]
[Site "Chess.com"]
[Date "2020.12.01"]
[Round "4"]
[White "kuban1991"]
[Black "Ermito2020"]
[Result "1-0"]
[WhiteElo "2821"]
[BlackElo "2604"]
[TimeControl "180+1"]
[EndTime "10:40:17 PST"]
[Termination "kuban1991 won on time"]

1. Nf3 Nf6 2. g3 g6 3. Bg2 Bg7 4. O-O O-O 5. c4 d6 6. Nc3 e5 7. d3 Nc6 8. Rb1 a5 9. a3 Re8 10. Bg5 h6 11. Bxf6 Bxf6 12. Nd5 Bg7 13. b4 axb4 14.
axb4 Ne7 15. Nxe7+ Qxe7 16. Ne1 c6 17. b5 Bd7 18. Nc2 f5 19. Nb4 e4 20. e3 Ra3 21.
Rb3 Rxb3 22. Qxb3 Ra8 23. dxe4 fxe4 24. h4 Kh7 25. Rd1 Bg4 26. Rb1 Qe8 27. bxc6 bxc6 28.
Qc2 Bf5 29. g4 Bxg4 30. Bxe4 Rc8 31. f3 Bh5 32. Qd3 Qe7 33. Nxc6 Qxh4 34. Qxd6 Rf8 35.
Ne7 Qg5+ 36. Kf2 Be5 37. Qe6 Qg3+ 38. Ke2 Bxf3+ 39. Bxf3 Qxf3+ 40. Kd3 Rd8+ 41. Nd5 Bg7 42. Rb6 Qd1+ 43. Ke4 Qc2+ 44. Kf3 Rf8+ 45. Nf4 g5 46. Qe4+ Qxe4+ 47. Kxe4 gxf4 48. exf4 Re8+ 49. Kd5 Rd8+ 50. Ke4 Rd4+ 51. Kf3 Rxc4 52. f5 Rc1 53. Re6 Rf1+ 54. Kg4 Kg8 55. Rg6 Kf7 56. Re6 Rg1+ 57. Kf4 Rf1+ 58. Kg4 Bf6 59. Rc6 Rg1+ 60. Kf4 Bg5+ 61.
Kf3 Rf1+ 62. Ke4 Re1+ 63. Kf3 1-0

[Event "*** Titled Tuesday Blitz"]
[Site "Chess.com"]
[Date "2020.12.01"]
[Round "4"]
[White "JustWatch000"]
[Black "ChessQueen"]
[Result "1-0"]
[WhiteElo "2428"]
[BlackElo "2706"]
[TimeControl "180+1"]
[EndTime "10:40:17 PST"]
[Termination "JustWatch000 won by resignation"]

1. e4 c6 2. d4 d5 3. exd5 cxd5 4.
c4 Nf6 5. Nc3 Nc6 6. Bg5 Be6 7.
Be2 g6 8. Bf3 Na5 9. Bxf6 exf6 10.
cxd5 Bd7 11. Nge2 Nc4 12. O-O Bg7 13. Qb3 Nd6 14. Qa3 Qb6 15. Qc5 O-O 16. Nf4 Rfc8 17. Qxb6 axb6 18. Be2 f5 19. Rfd1 b5 20. a3 Nc4 21. Bxc4 Rxc4 22. Nfe2 Ra6 23. Rac1 b4 24. axb4 Rxb4 25. Rd2 Rab6 26. Rcc2 Bh6 27. f4 Bg7 28. Kf2 Bf6 29. g3 Kf8 30. Nc1 Rc4 31. N1e2 h5 32. Ke3 h4 33. Nc1 Rbb4 34. N1a2 Rb3 35. Nc1 Rb6 36.
b3 Rcb4 37. N3e2 hxg3 38. hxg3 Be7 39. Rc7 Rd6 40. Rc3 Rxd5 41. Rcc2 Rd6 42. Nd3 Rb5 43. Ne5 Bc6 44. Nxc6 bxc6 45. Nc3 Re6+ 46. Kd3 Rb8 47. Rb2 Bb4 48. Re2 Rd8 49. Kc4 Bxc3 50. Kxc3 Red6 51.
Rbd2 Rb8 52. Re5 Rb7 53. Rc5 Ke7 54. Kc4 Kf6 55. b4 Re7 56. d5 Re4+ 57. Rd4 cxd5+ 58. Rxd5 Rxd5 59. Kxd5 Re3 60. b5 Rxg3 61. Rb4 Rd3+ 62. Kc6 Rc3+ 63. Kd7 Rd3+ 64. Kc6 Rc3+ 65. Kd5 Rc8 66. b6 g5 67. b7 Rb8 68. Rb6+ Kg7 69. fxg5 f4 70. Ke4 Kf8 71. Kxf4 Ke7 72. Kf5 Kd7 73. Kf6 Kc7 74. Rb1 1-0

[Event "*** Titled Tuesday Blitz"]
[Site "Chess.com"]
[Date "2020.12.01"]
[Round "4"]
[White "Bodnar_Mykola"]
[Black "davidkalashian"]
[Result "0-1"]
[WhiteElo "2373"]
[BlackElo "2546"]
[TimeControl "180+1"]
[EndTime "10:40:17 PST"]
[Termination "davidkalashian won on time"]

1. e4 c5 2. Nf3 d6 3. d4 cxd4 4. Nxd4 Nf6 5. Nc3 a6 6. Be3 e5 7. Nf3 Be6 8. Ng5 Qc7 9. Nxe6 fxe6 10. Be2 Be7 11. O-O O-O 12. Qd2 Nbd7 13. f3 b5 14. a3 Nb6 15. b3 Rac8 16. Na2 d5 17. Bd3 Bc5 18. Bxc5 Qxc5+ 19. Qf2 dxe4 20. Qxc5 Rxc5 21.
fxe4 Nbd7 22. Nb4 Ra8 23. a4 bxa4 24. Nxa6 Rc3 25. Rxa4 h6 26. Nc5 Rxa4 27. Nxa4 Rc7 28. b4 Ra7 29. Nc3 Rb7 30. b5 Nc5 31. Rb1 Kf7 32.
Kf2 Ke7 33. h3 Nfd7 34. Ke3 Ra7 35. Rb2 Ra3 36. Nb1 Ra8 37. Nd2 Nb6 38. Nc4 Nxc4+ 39. Bxc4 Kd6 40. Rb1 Ra3+ 41. Bd3 Ra7 42. h4 Ra3 43. h5 Ra7 44. Rf1 Rb7 45. Be2 Na4 46. Kd2 Nc5 47. Ke3 Na4 48. Rb1 Nc5 49. Bf1 Na4 50. Kd2 Nc5 51. Rb4 Kc7 52. Kc3 Kb6 53.
Bd3 Ra7 54. Kc4 Rc7 55. Kc3 Na6+ 56. Rc4 Nc5 57. Kb4 Rc8 58. g4 Rc7 59. Be2 Rc8 60.
Rc3 Rc7 61. Bd3 Rc8 62. Ra3 Rc7 63. Ra8 Rd7 64. Rg8 Rd4+ 65. Kc3 Rd7 66. Bc4 Nxe4+ 67. Kb4 Nc5 68. Rb8+ Nb7 69. Bxe6 Re7 70. Bd5 e4 71. c4 e3 0-1

[Event "*** Titled Tuesday Blitz"]
[Site "Chess.com"]
[Date "2020.12.01"]
[Round "4"]
[White "penguingm1"]
[Black "rychessmaster1"]
[Result "1/2-1/2"]
[WhiteElo "2975"]
[BlackElo "2565"]
[TimeControl "180+1"]
[EndTime "10:40:24 PST"]
[Termination "Game drawn by stalemate"]

1. d4 Nf6 2. c4 e6 3. Nc3 Bb4 4. Qc2 d6 5. Nf3 O-O 6. g3 c5 7. Bg2 Nc6 8. dxc5 dxc5 9. O-O Bxc3 10. Qxc3 h6 11. b3 Qe7 12. Bb2 Rd8 13. Rfd1 Bd7 14. h4 Be8 15. g4 Rxd1+ 16. Rxd1 Rd8 17. Rxd8 Qxd8 18. g5 hxg5 19. hxg5 Nh5 20. e3 f6 21. gxf6 Nxf6 22. Nd2 Qc7 23. a3 Bg6 24. Bh3 Qd6 25.
f4 Ne8 26. Kf2 Qe7 27. Nf3 Be4 28. Ng5 Bf5 29. Bg2 Nf6 30. Kg3 Qe8 31. Bf3 Qg6 32. Kf2 Bb1 33. Qd2 Qd3 34. Qxd3 Bxd3 35. Nxe6 Nd7 36.
Nxg7 Bc2 37. Bd5+ Kh7 38. e4 Bxb3 39. Ne6 Bc2 40. Ng5+ Kg6 41. e5 Ndxe5 42. fxe5 Kxg5 43. e6 Bg6 44. Ke3 Kf5 45. Bg7 Be8 46. Bf8 b6 47. Bd6 Nd4 48. e7 Ne6 49. Bb8 a6 50. Bb7 b5 51. Bxa6 bxc4 52. Bxc4 Kf6 53. Bd6 Ng7 54. Bxc5 Nf5+ 55. Kf4 Nxe7 56. Bd4+ Kg6 57. Bd3+ Kf7 58. Bc5 Nc6 59. Be4 Ke6 60. Ke3 Nd8 61. Kd4 Ba4 62. Bd3 Kd7 63. Kc3 Nc6 64. Be3 Kc7 65.
Be4 Kb7 66. Kc4 Ka6 67. Kc5 Bb5 68. Bxc6 Bxc6 69. Kxc6 Ka5 70. Bc5 Ka6 71. Bd6 Ka7 72. Kc7 Ka8 73. Be7 Ka7 74. Kc8 Ka8 75. Bd6 Ka7 76. Kc7 Ka8 77. Kb6 1/2-1/2

[Event "*** Titled Tuesday Blitz"]
[Site "Chess.com"]
[Date "2020.12.01"]
[Round "4"]
[White "SlavenPastar"]
[Black "superchess02"]
[Result "1/2-1/2"]
[WhiteElo "2514"]
[BlackElo "2767"]
[TimeControl "180+1"]
[EndTime "10:40:28 PST"]
[Termination "Game drawn - insufficient material"]

1. b3 d5 2. Bb2 Nc6 3. g3 Nf6 4. Bg2 e5 5. e3 Be6 6. Ne2 Bd6 7.
d4 Qd7 8. dxe5 Nxe5 9. Nf4 c6 10. Nd2 h5 11. Nxe6 Qxe6 12. Nf3 Neg4 13. Nd4 Qd7 14. h3 Ne5 15. Nf3 Bb4+ 16. c3 Bd6 17. Qc2 O-O-O 18. O-O-O Qe7 19. Kb1 Kb8 20. Nd4 g6 21. f4 Ned7 22.
Rhe1 Nc5 23. c4 dxc4 24. Qxc4 Nce4 25. Nxc6+ bxc6 26. Bxf6 Qxf6 27. Qxe4 Ba3 28. Qe5+ Qxe5 29. fxe5 Kc7 30. Kc2 Rhe8 31. Rxd8 Rxd8 32. Rf1 Rd7 33. Rf6 c5 34. Rc6+ Kb8 35. Kc3 Re7 36. e6 fxe6 37. Kc4 Bc1 38. e4 Be3 39. e5 Bd4 40.
b4 Bxe5 41. Rxc5 Bxg3 42. Rg5 Rc7+ 43. Kb3 Be1 44. Rxg6 Rc3+ 45. Ka4 Re3 46. Rg7 a6 47. Ka5 Kc8 48. Kxa6 Bxb4 49. Kb5 Bc3 50. Rg8+ Kd7 51. a4 Re5+ 52. Kb6 Ba5+ 53. Kb7 Re2 54. Bc6+ Kd6 55.
Bb5 Rc2 56. Rg5 Rc7+ 57. Ka6 Bd2 58. Rxh5 Be3 59. Bd3 Kc6 60. Be4+ Kd6 61. Kb5 e5 62.
Rf5 Rc5+ 63. Kb4 Bd2+ 64. Kb3 Rc3+ 65. Kb2 Rxh3 66. Bc2 Bc3+ 67. Kb3 Kd5 68. Rf8 Ba5+ 69. Kb2 Kd4 70. Rf7 Bc3+ 71. Kb3 Bd2+ 72. Kb2 Bb4 73. Rd7+ Kc4 74. Rd1 Ba3+ 75. Ka2 Kb4 76. Rb1+ Ka5 77.
Rb3 Rh2 78. Rxa3 Rxc2+ 79. Kb3 Rc5 80. Ra2 e4 81. Re2 Re5 82. Re3 Re8 83. Kc4 Rb8 84. Kd4 Rb4+ 85. Ke5 Kxa4 86. Rxe4 Rxe4+ 87. Kxe4 1/2-1/2

[Event "*** Titled Tuesday Blitz"]
[Site "Chess.com"]
[Date "2020.12.01"]
[Round "4"]
[White "hleol"]
[Black "kinga2008"]
[Result "1-0"]
[WhiteElo "2329"]
[BlackElo "2173"]
[TimeControl "180+1"]
[EndTime "10:40:32 PST"]
[Termination "hleol won by resignation"]

1. d4 c5 2. d5 e6 3. c4 Nf6 4.
Nc3 d6 5. e4 exd5 6. cxd5 Be7 7. Nf3 O-O 8. Nd2 b5 9. Bxb5 Ba6 10. Bxa6 Nxa6 11. O-O Ng4 12. h3 Ne5 13. f4 Nd3 14. Nc4 Nxc1 15. Rxc1 Rb8 16. e5 Nb4 17. a3 Na6 18. Rc2 Nc7 19. Rd2 Re8 20. Ne4 Nb5 21. a4 Nd4 22. exd6 Bf6 23. Nxc5 Qc8 24. b4 Rd8 25.
Ne5 Rxb4 26. Ncd3 Rb3 27. d7 Qc7 28. Kh1 Nf5 29. Qg4 Ne3 30. Qh5 g6 31. Qf3 Nxf1 32.
Qxf1 Qb7 33. Nc5 Rb1 34. Nxb7 Rxf1+ 35. Kh2 Bxe5 36. fxe5 Rxd7 37. Nc5 Rd8 38. d6 Rf5 39. d7 Rxe5 40. Nb7 Ree8 41. dxe8=Q+ Rxe8 42. a5 Re7 43. Rd8+ Kg7 44. Nd6 Re5 45. a6 Kf6 46. Ne8+ Ke7 47.
Ra8 Kd7 48. Nf6+ Ke6 49. Ng4 Ra5 50. Rxa7 f5 51. Ne3 f4 52. Ng4 Ra2 53. Kg1 h5 54.
Nf2 Kf5 55. Rf7+ Ke5 56. a7 Kd4 57. Rxf4+ Ke3 58. Rf7 Ra1+ 59. Kh2 g5 60. Re7+ Kd4 61. Rd7+ Kc5 62. Nd1 Kb6 63. Nc3 Kc6 64. Rg7 Ra3 65.
Ne4 g4 66. hxg4 hxg4 67. Nf6 Ra4 68. Nxg4 Kd6 69. Nf6 Ke6 70. Nh5 Kf5 71. Ng3+ Kf4 72.
Rf7+ Kg5 73. Rb7 Kg4 74. Ne4 Kf4 75. Nd6 Ke5 76. Nb5 Kd5 77. Rb8 Kc6 78. a8=Q+ Rxa8 79. Rxa8 Kxb5 1-0

[Event "*** Titled Tuesday Blitz"]
[Site "Chess.com"]
[Date "2020.12.01"]
[Round "4"]
[White "CM_rui"]
[Black "mirciulica14"]
[Result "1/2-1/2"]
[WhiteElo "2379"]
[BlackElo "2591"]
[TimeControl "180+1"]
[EndTime "10:40:34 PST"]
[Termination "Game drawn - insufficient material"]

1. e4 e5 2. Nc3 Nf6 3. f4 d5 4. fxe5 Nxe4 5. d3 Nxc3 6. bxc3 c5 7. Nf3 Nc6 8. d4 cxd4 9. cxd4 Bb4+ 10. Bd2 Qa5 11.
Bd3 Bg4 12. a3 Bxd2+ 13. Qxd2 Qxd2+ 14. Kxd2 Bxf3 15. gxf3 Nxd4 16. f4 O-O 17. h4 f6 18.
Ke3 fxe5 19. fxe5 Nc6 20. Bb5 Nxe5 21. Kd4 Ng4 22. Bd7 Nf6 23. Be6+ Kh8 24. h5 Rad8 25. h6 gxh6 26. Rxh6 Kg7 27. Rah1 Rfe8 28. Bf5 Re7 29. Bxh7 Rh8 30. Rg6+ Kf7 31. Rf1 Re6 32. Rh6 Kg7 33. Rg6+ Kf7 34. Rh6 Ke7 35. Rg1 Nxh7 36. Rg7+ Kd6 37.
Rhxh7 Rxh7 38. Rxh7 Re4+ 39. Kd3 Re7 40. Rh6+ Kc5 41. Rh8 Rc7 42. Ra8 a6 43. c3 b5 44.
Rxa6 Rh7 45. Kc2 Rh1 46. Ra8 Rh2+ 47. Kb3 Rh3 48. Rc8+ Kb6 49. Kb4 Rh4+ 50. Kb3 Rf4 51. Rd8 Kc5 52. Rd7 Kc6 53. Ra7 Rh4 54. Ra6+ Kc5 55.
Ra8 Rg4 56. Rc8+ Kb6 57. Rd8 Kc5 58. Rc8+ Kd6 59. Rb8 Kc6 60. Rc8+ Kb7 61. Rd8 Rg5 62. Rd6 Kc7 63. Rf6 Rg4 64. Rh6 Rf4 65. Ra6 Kb7 66.
Rd6 Kc7 67. Rxd5 Kc6 68. Rh5 Rf1 69. Rh6+ Kc5 70. Rh5+ Kc6 71. Kb4 Rb1+ 72. Ka5 Rb3 73.
Rh6+ Kc5 74. Rh5+ Kc4 75. a4 bxa4 76. Kxa4 Rxc3 77. Rh4+ Kd5 78. Rh5+ Kc6 79. Rh6+ Kc5 80. Rh5+ Kb6 81. Rh6+ Kb7 82. Kb4 Rg3 83. Rh7+ Kc6 84. Kc4 Kd6 85. Rh6+ Ke5 86. Rh5+ Ke6 87. Rh6+ Kf7 88.
Rh7+ Kg6 89. Ra7 Rg4+ 90. Kd3 Kf5 91. Ra5+ Ke6 92. Ra6+ Kd5 93. Ra5+ Kc6 94. Ra8 Kb5 95. Re8 Rg3+ 96. Kd4 Rg5 97. Re5+ Rxe5 98. Kxe5 1/2-1/2

[Event "*** Titled Tuesday Blitz"]
[Site "Chess.com"]
[Date "2020.12.01"]
[Round "4"]
[White "Hypercar"]
[Black "mbojan"]
[Result "0-1"]
[WhiteElo "2472"]
[BlackElo "2678"]
[TimeControl "180+1"]
[EndTime "10:40:38 PST"]
[Termination "mbojan won by resignation"]

1. d4 g6 2. Nf3 Bg7 3. g3 d5 4.
Bg2 Nf6 5. O-O O-O 6. c4 c6 7. Nc3 Ne4 8. cxd5 cxd5 9. Nxe4 dxe4 10. Ne5 Nd7 11. Nxd7 Qxd7 12. Bxe4 Bxd4 13. e3 Bf6 14. Qf3 Rb8 15. Rb1 Qg4 16. Qxg4 Bxg4 17. b3 Rfd8 18.
Bb2 Rd2 19. Bxf6 exf6 20. a4 b6 21. Rfc1 Re8 22. Bg2 Bf5 23. e4 Bxe4 24. Re1 Bxb1 25. Rxe8+ Kg7 26. h4 Bc2 27. Re7 a5 28. Rb7 Rd6 29.
Bf1 Bxb3 30. Bb5 Be6 31. Kh2 Bd5 32. Rc7 f5 33. Re7 Kf6 34. Rc7 h5 35. Rc8 Bf3 36.
Rc1 Rd1 37. Rxd1 Bxd1 38. f4 Ke6 39. Kg1 Kd6 40. Kf2 Kc5 41. Be8 Bb3 42. Ke3 Bc4 43.
Kd2 Be6 44. Kc3 Bd5 45. Kb2 Kb4 46. Kc2 Kc5 47. Kc3 Bc4 48. Kb2 Kd4 49. Kc2 Be6 50.
Kd2 Ke4 51. Ke2 Bc4+ 52. Kf2 Kd3 53. Bd7 Kd4 54. Be8 Kc5 55. Ke3 Be6 56. Kd3 Kd6 57.
Kd4 Bd7 58. Bxf7 Bxa4 59. Bxg6 Bd1 60. Bxf5 b5 61. Bd3 Kc6 62. f5 a4 63. f6 Bb3 64.
Bg6 Kd6 65. Bxh5 b4 66. f7 Ke7 67. Kc5 a3 68. Kxb4 a2 69. Kxb3 a1=Q 70. g4 Qe5 71. Kc4 Qf4+ 72. Kd5 Qg3 73. Ke4 Qxh4 74. Kd5 Qf6 75. Ke4 Qd6 76. Kf5 Kf8 77. Ke4 Kg7 78. Kf5 Qf6+ 79. Ke4 Qe6+ 80. Kf4 Kf8 81. Kg5 Qe5+ 82.
Kh4 Kg7 83. Kh3 Qe1 84. Kg2 Qe3 85. Kh2 Qf3 86. Kg1 Qe2 87. Kh1 Qf2 88. g5 Qh4+ 89.
Kg2 Qxg5+ 0-1

[Event "*** Titled Tuesday Blitz"]
[Site "Chess.com"]
[Date "2020.12.01"]
[Round "4"]
[White "Taktikmonster"]
[Black "Gogolev_Artemy"]
[Result "0-1"]
[WhiteElo "2215"]
[BlackElo "2425"]
[TimeControl "180+1"]
[EndTime "10:40:40 PST"]
[Termination "Gogolev_Artemy won on time"]

1. e4 c5 2. Nf3 Nf6 3. Nc3 d5 4. exd5 Nxd5 5. d4 Nxc3 6. bxc3 e6 7. Bd3 Nc6 8. O-O Be7 9. Rb1 O-O 10. Be3 Qa5 11. dxc5 Qxc3 12. Rb3 Qa5 13. Qb1 h6 14. Be4 Qc7 15. Bxc6 bxc6 16. Bd4 Ba6 17. Re1 Rab8 18.
Qb2 f6 19. Rxe6 Bc4 20. Rxe7 Rxb3 21. Rxc7 Rxb2 22. Bxb2 Rd8 23. Nd4 Rb8 24. Nb3 Re8 25. h4 Re1+ 26. Kh2 Re2 27. Rxc6 Rxf2 28. Rc8+ Kh7 29.
Rd8 Rxc2 30. Bd4 Rxa2 31. c6 Bxb3 32. c7 Be6 33. c8=Q Bxc8 34. Rxc8 a5 35. Ra8 a4 36. h5 a3 37. Bc5 Rd2 38. Rxa3 Rd5 39. Rc3 Rxh5+ 40. Kg3 Rg5+ 41. Kf3 h5 42. Be3 Rf5+ 43.
Ke2 Kg6 44. Rc4 Re5 45. Rc7 Re6 46. Kf3 Ra6 47. Bc5 Ra8 48. Rd7 Rc8 49. Bd6 Rg8 50. g3 Kf5 51. Kg2 g5 52. Rc7 Ke6 53. Bc5 Rb8 54.
Bf2 Kf5 55. Rc5+ Kg6 56. Rc4 Rd8 57. Kf3 Rd6 58. Ke4 Re6+ 59. Kf3 Rd6 60. Be3 Rd3 61. Rd4 Ra3 62. Rd6 Kf5 63. Rd5+ Ke6 64. Rc5 Kf7 65. Rc6 Kg6 66. Ke4 Ra1 67. Bd4 Rf1 68. Ke3 Rf5 69. Ke4 h4 70. gxh4 gxh4 71. Rc8 Rf1 72. Rh8 Kg5 73. Rg8+ Kh5 74. Rh8+ Kg4 75. Be3 h3 76. Rg8+ Kh4 77. Rh8+ Kg3 78. Rg8+ Kh2 79. Bf4+ Kh1 80. Rg6 h2 81. Bxh2 Kxh2 82. Kd5 Kh3 83. Ke6 f5 84.
Rf6 f4 85. Ke5 Kg3 86. Rg6+ Kf3 87. Rh6 Re1+ 88. Kf5 Rg1 89. Rh3+ Kg2 0-1

[Event "*** Titled Tuesday Blitz"]
[Site "Chess.com"]
[Date "2020.12.01"]
[Round "4"]
[White "RamyresCoelho"]
[Black "GodDMuhammad"]
[Result "1/2-1/2"]
[WhiteElo "2094"]
[BlackElo "2293"]
[TimeControl "180+1"]
[EndTime "10:40:44 PST"]
[Termination "Game drawn - insufficient material"]

1. e4 c6 2. d4 d5 3. Nc3 dxe4 4. Nxe4 Bf5 5. Ng3 Bg6 6. Nf3 Nd7 7. h4 h6 8. h5 Bh7 9. Bd3 Bxd3 10. Qxd3 Qc7 11. Bd2 e6 12. O-O-O Bd6 13. Ne4 Bf4 14. g3 Bxd2+ 15.
Rxd2 Ngf6 16. Nxf6+ Nxf6 17. c4 O-O-O 18. Kb1 c5 19.
Qc2 cxd4 20. Nxd4 a6 21. c5 Rd5 22. c6 b6 23. Rc1 Rhd8 24. Rcd1 Nxh5 25. Qe4 Nf6 26.
Qe3 Kb8 27. f4 Rc5 28. b4 Rc4 29. Qb3 b5 30. Nxb5 Rxd2 31. Nxc7 Rxd1+ 32. Qxd1 Rxb4+ 33. Ka1 Kxc7 34. Qd3 Rb6 35. Qd4 Kxc6 36. a4 Nd5 37. Qxg7 Rb4 38. Qxf7 Rxa4+ 39. Kb2 Rb4+ 40. Kc2 Kd6 41.
Qf8+ Kc6 42. Qxh6 Re4 43. Qf8 Re2+ 44. Kd3 Re3+ 45. Kd2 Rxg3 46. Qe8+ Kd6 47. Qd8+ Kc5 48. Qa5+ Kd4 49. Qa4+ Kc5 50. Qxa6 Rg2+ 51. Ke1 Rg4 52.
Qxe6 Rxf4 53. Qc8+ Kd4 54. Qh8+ Nf6 55. Qd8+ Ke4 56.
Qa8+ Kf5 57. Qd8 Re4+ 58. Kf1 Rf4+ 59. Kg2 Ng4 60. Qf8+ Ke4 61. Qb4+ Kf5 62. Qe7 Ne5 63. Qf8+ Ke4 64. Qa8+ Ke3 65. Qb8 Rf2+ 66. Kg3 Rf3+ 67.
Kh4 Kf4 68. Qg8 Re3 69. Qf8+ Ke4 70. Kg5 Rg3+ 71. Kh5 Rh3+ 72. Kg5 Nf3+ 73. Kg4 Rh4+ 74. Kg3 Ng5 75. Qe8+ Kf5 76. Qa8 Rg4+ 77. Kf2 Rf4+ 78.
Ke2 Ne4 79. Qf8+ Kg4 80. Qb8 Rf5 81. Qg8+ Ng5 82. Qb8 Rf4 83. Qe8 Re4+ 84. Qxe4+ Nxe4 1/2-1/2

[Event "*** Titled Tuesday Blitz"]
[Site "Chess.com"]
[Date "2020.12.01"]
[Round "4"]
[White "GMStefanova"]
[Black "eCztery"]
[Result "1/2-1/2"]
[WhiteElo "2520"]
[BlackElo "2324"]
[TimeControl "180+1"]
[EndTime "10:40:50 PST"]
[Termination "Game drawn by repetition"]

1. d4 Nf6 2. Bg5 Ng8 3. e4 c6 4.
Nc3 Qa5 5. Nf3 Nf6 6. Bd2 Qc7 7. e5 Nd5 8. Ne4 g6 9. c4 Nb6 10. Bc3 Bg7 11. d5 cxd5 12. cxd5 O-O 13. Rc1 Qd8 14. Be2 d6 15. exd6 Bxc3+ 16. Rxc3 exd6 17. Qd4 f5 18. Neg5 Qf6 19. Qxf6 Rxf6 20. Nd4 Na6 21. Bf3 h6 22. Nge6 Bxe6 23. dxe6 Nc5 24. O-O Nxe6 25. Nxe6 Rxe6 26. Bxb7 Rae8 27. Bc6 R8e7 28. Rd3 Kg7 29.
g3 Rc7 30. Bf3 Nc4 31. Bd5 Ree7 32. b3 Ne5 33. Rd2 Kf6 34. Kg2 Rc5 35. Rfd1 Rd7 36. h3 a5 37. f4 Nc6 38. Bc4 Ke7 39. Re1+ Kd8 40. Re6 d5 41. Bd3 Nb4 42. Rxg6 Nxd3 43. Rxd3 Rc2+ 44. Kf3 Rxa2 45. Rxh6 Ra3 46. Rf6 a4 47. Rxf5 axb3 48. Rfxd5 Rxd5 49. Rxd5+ Kc7 50. Rb5 Kc6 51. Rb8 Kc5 52. Kg4 Kc4 53. h4 Ra4 54. h5 Rb4 55. Rc8+ Kd3 56. Rc1 b2 57. Rh1 Kc2 58.
h6 Rd4 59. h7 Rd1 60. Rxd1 Kxd1 61.
h8=Q b1=Q 62. Qd4+ Ke1 63. Qe3+ Kf1 64. Qf3+ Kg1 65. f5 Qb4+ 66. Kg5 Qf8 67. f6 Qg8+ 68. Kf5 Qc8+ 69. Kf4 Qc4+ 70. Qe4 Qc7+ 71. Qe5 Qc4+ 72. Kf5 Qd3+ 73. Ke6 Qa6+ 74. Kf7 Qb7+ 75. Kg8 Qc8+ 76. Kg7 Qg4+ 77. Kf8 Qc8+ 78. Kf7 Qd7+ 79. Qe7 Qd5+ 80.
Kf8 Qa8+ 81. Kg7 Qf3 82. Qe5 Qg4+ 83. Kf8 Qd7 84. Kg8 Qg4+ 85. Kf8 1/2-1/2